 Dungeon Crawl Stone Soup version 0.29.1-15-g9cfb28693d (webtiles) character file.

Game seed: 2821908093118696076

2798 Descartes the Tainter (level 9, -2/85 (102) HPs)
             Began as a Naga Wanderer on Apr 8, 2023.
             Was a Follower of Cheibriados.
             Slain by a wight
             ... wielding a +0 long sword
              (11 damage)
             ... on level 6 of the Dungeon on Apr 9, 2023.
             The game lasted 00:34:11 (10818 turns).

Descartes the Tainter (Naga Wanderer)              Turns: 10818, Time: 00:34:11

HP:   -2/85 (102)   AC: 24    Str: 14    XL:     9   Next: 71%
MP:   13/14         EV:  1    Int: 24    God:    Cheibriados [*.....]
Gold: 366           SH:  0    Dex: 13    Spells: 7/17 levels left

rFire   . . .      SeeInvis +   N - +1 flail (holy)
rCold   . . .      Faith    .   (no shield)
rNeg    . . .      Spirit   .   (body armour currently unavailable)
rPois   +          Reflect  .   (helmet currently unavailable)
rElec   .          Harm     .   (cloak currently unavailable)
rCorr   .          Rampage  .   (gloves currently unavailable)
Will    ++...      NoTele   +   (no barding)
Stlth   +++.......              (no amulet)
HPRegen 0.24/turn               f - +4 ring of evasion
MPRegen 0.14/turn               v - ring of willpower

@: tree-form, heavily drained, very slow
A: stationary, stasis, torment immunity, boosted hp, AC +3, large, see
invisible, (deformed body), (poison resistance), (slowness 2), spit poison 1,
(naga tail 1), low MP 1, mutation resistance 1, inability to read after injury 1
a: Spit Poison, Renounce Religion, Bend Time


You were on level 6 of the Dungeon.
You worshipped Cheibriados.
Cheibriados was aware of your devotion.
You were a tree.
You visited 2 branches of the dungeon, and saw 9 of its levels.

You collected 366 gold pieces.

Inventory:

Hand Weapons
 a - a +0 club
 c - a +2 halberd
 m - a +2 dagger of freezing
 N - a +1 flail of holy wrath (weapon)
Missiles
 o - 5 boomerangs
 p - 92 stones
 r - a throwing net
 C - 4 javelins
 D - 3 poisoned darts
Armour
 d - a +0 helmet (melded)
 F - +0 steam dragon scales (melded)
Jewellery
 f - a +4 ring of evasion (left branch)
 v - a ring of willpower (right branch)
 x - a +6 ring of dexterity
 E - a ring of wizardry
 I - a +6 ring of dexterity
 K - a ring of wizardry
Wands
 b - a wand of iceblast (10)
 k - a wand of mindburst (6)
 B - a wand of charming (8)
Scrolls
 i - a scroll of torment
 n - 2 scrolls of enchant armour
 u - 4 scrolls of teleportation
 y - 3 scrolls of magic mapping
 G - a scroll of brand weapon
 J - a scroll of poison
 M - a scroll of immolation
Potions
 e - a potion of might {unknown}
 g - a potion of attraction
 h - a potion of cancellation {unknown}
 t - a potion of resistance {unknown}
 A - 2 potions of lignification
 H - a potion of ambrosia {unknown}
 L - 2 potions of flight {unknown}


   Skills:
 + Level 4.7 Dodging
 - Level 5.0 Stealth
 + Level 4.9 Spellcasting
 - Level 3.0 Necromancy
 - Level 5.0 Transmutations
 - Level 5.0 Fire Magic
 + Level 8.1 Poison Magic
 + Level 3.4 Invocations
 + Level 2.3 Evocations


You had 7 spell levels left.
You knew the following spells:

 Your Spells              Type           Power      Damage    Failure   Level
a - Sting                 Tmut/Pois      100%       1d8       1%          1
b - Ignite Poison         Fire/Tmut/Pois 34%        N/A       2%          3
c - Vampiric Draining     Necr           20%        2d7       8%          3
d - Mephitic Cloud        Conj/Pois/Air  18%        N/A       9%          3

Your spell library contained the following spells:

 Spells                   Type           Power      Damage    Failure   Level
 Necrotise                Necr           80%        1d8       2%          1


Dungeon Overview and Level Annotations

Branches:
Dungeon (8/15)             Temple (1/1) D:5
   Lair: D:8-11

Altars:
Cheibriados
Fedhas
Hepliaklqana
Nemelex Xobeh
Okawaru
Qazlal
Ru
Sif Muna
Uskayaw
Vehumet
Wu Jian
Xom
Yredelemnul
Zin
The Shining One

Annotations:
D:3 3 runed translucent doors, Athtar's ghost, amateur DrTm; Eitelfritz's ghost, amateur DsIE; SnailSD's ghost, amateur MiBe
D:4 3 runed translucent doors, engelados's ghost, novice OpCj
D:5 Menkaure
D:7 1 runed translucent door, vvl's ghost, novice DsVM


Innate Abilities, Weirdness & Mutations

You are a tree.
Your roots penetrate the ground, keeping you stationary.
You cannot be teleported.
You are immune to unholy pain and torment.
Your maximum health is greatly increased.
Your equipment is partially melded.
((Your serpentine skin is tough. (AC +3)))
You have supernaturally acute eyesight. (SInv)
((Armour fits poorly on your strangely shaped body.))
((Your system is resistant to poisons. (rPois)))
((You cover ground very slowly.))
You can spit poison.
((You have a snake-like lower body.))
Your magical capacity is low. (-10% MP)
You are somewhat resistant to further mutation.
You occasionally lose the ability to read scrolls when taking damage.


Message History

* * * LOW HITPOINT WARNING * * *
You feel drained.
* * * LOW HITPOINT WARNING * * *
Okay, then.
Unknown command.
Unknown command.
The flow of time bends around you.
Cheibriados rebukes the wight.
The wight seems to slow down.
You hit the wight but do no damage.
The wight is heavily damaged.
The wight hits you but does no damage.
You hit the wight.
The wight convulses.
The wight is severely damaged.
The wight hits you but does no damage.
You hit the wight but do no damage.
The wight is severely damaged.
The wight hits you but does no damage.
You hit the wight.
You destroy the wight!
Cheibriados appreciates the change of pace.
You hit the wight but do no damage.
The wight hits you but does no damage. x2
You feel better. The wight hits you but does no damage.
You hit the wight.
The wight convulses.
The wight is moderately damaged.
The wight hits you but does no damage.
You hit the wight.
The wight convulses.
The wight is severely damaged.
The wight hits you but does no damage.
You hit the wight.
The wight convulses.
The wight is severely damaged.
The wight hits you but does no damage.
The wight hits you with a +0 long sword!
* * * LOW HITPOINT WARNING * * *
You feel drained.
* * * LOW HITPOINT WARNING * * *
You hit the wight.
The wight convulses.
The wight is almost destroyed.
The wight hits you with a +0 long sword!
You die...

########### .....##...#######
................#
................# ##########
................# #........#
................# #.######.#
................# #.# #.#
...#.#.#...[.#######.# #.#
.#.#...#.#.#>.zz♣....# #.#
...........#.#.####..# #.#
.##.....##.....####..### #.#
.............###.......####.#
..#.###.#....##..###.#.#.##.#
.............##.## #.#.#.##.#
.##.....##...)..# #.#.#....#
...........#.#.### #.#.#.####
.#.#...#.#.#...#.###.#.#.#


You could see 2 wights.

Vanquished Creatures
  A polar bear (D:8)
  Sigmund (D:5)
  3 steam dragons
  A water moccasin (D:6)
  3 sky beasts (D:7)
  A black bear (D:5)
  An ogre (D:5)
  2 phantoms
  Blork the orc (D:5)
  A bullfrog (D:6)
  3 scorpions
  2 necrophages
  2 wights (D:6)
  3 hounds
  2 jellies (D:5)
  2 gnoll boudas
  6 orc priests
  An iguana (D:5)
  5 orc wizards
  15 gnolls
  5 adders
  A shadow imp (D:7)
  2 white imps
  3 ufetubi
  3 worms
  A dart slug (D:1)
  12 orcs
  3 endoplasms
  7 giant cockroaches
  5 goblins
  6 hobgoblins
  6 kobolds
  2 quokkas
  3 ball pythons
  4 bats
  4 frilled lizards
  7 rats
130 creatures vanquished.

Vanquished Creatures (others)
  2 fungi (D:4)
  2 plants (D:4)
  4 withered plants (D:3)
8 creatures vanquished.

Grand Total: 138 creatures vanquished

Notes
Turn   | Place    | Note
-------+----------+-------------------------------------------
     0 | D:1      | Descartes the Naga Wanderer began the quest for the Orb.
     0 | D:1      | Descartes set off with the following items: a +0 club, a
                  | potion of heal wounds, a +0 robe, a +0 helmet; and the
                  | following spells available to memorise: Necrotise, Sting,
                  | Vampiric Draining, Ignite Poison, Mephitic Cloud.
     0 | D:1      | Reached XP level 1. HP: 15/15 MP: 2/2
     2 | D:1      | Learned a level 1 spell: Sting
   276 | D:1      | Reached XP level 2. HP: 22/22 MP: 1/3
   919 | D:2      | Reached XP level 3. HP: 28/28 MP: 0/5
  1028 | D:2      | Reached skill level 1 in Transmutations
  1138 | D:2      | Reached skill level 1 in Fire Magic
  1282 | D:2      | HP: 1/28 [gnoll/+0 whip (1)]
  1289 | D:1      | Reached XP level 4. HP: 18/36 MP: 2/6
  1641 | D:2      | Found a glowing silver altar of Zin.
  2187 | D:3      | Found a runed translucent gate.
  2188 | D:3      | Found a runed translucent gate.
  2240 | D:3      | Found a runed translucent gate.
  2241 | D:3      | Noticed SnailSD's ghost (amateur MiBe)
  2241 | D:3      | Noticed Athtar's ghost (amateur DrTm)
  2241 | D:3      | Noticed Eitelfritz's ghost (amateur DsIE)
  2561 | D:3      | Learned a level 3 spell: Ignite Poison
  2679 | D:4      | Noticed a phantom
  2723 | D:4      | Killed a phantom
  2724 | D:4      | Reached XP level 5. HP: 27/42 MP: 3/8
  3062 | D:4      | Reached XP level 6. HP: 31/49 MP: 2/9
  3472 | D:4      | Reached skill level 5 in Poison Magic
  3767 | D:4      | Found a runed translucent gate.
  3767 | D:4      | Found a runed translucent gate.
  3767 | D:4      | Found a runed translucent gate.
  3770 | D:4      | Noticed engelados's ghost (novice OpCj)
  4116 | D:5      | Entered Level 5 of the Dungeon
  4580 | D:5      | Noticed Blork the orc
  4709 | D:4      | Reached XP level 7. HP: 42/55 MP: 8/11
  4959 | D:5      | Noticed Sigmund
  4973 | D:5      | Killed Sigmund
  4974 | D:5      | Reached skill level 5 in Stealth
  5175 | D:5      | Found a staircase to the Ecumenical Temple.
  5186 | D:5      | Gained mutation: Your muscles are strong. (Str +4, Int/Dex
                  | -1) [potion of mutation]
  5186 | D:5      | Gained mutation: Your muscles are very strong. (Str +8,
                  | Int/Dex -2) [potion of mutation]
  5202 | D:5      | Reached skill level 6 in Poison Magic
  5485 | D:5      | Reached XP level 8. HP: 22/62 MP: 0/12
  5759 | D:5      | Noticed Menkaure
  6056 | Temple   | Entered the Ecumenical Temple
  6107 | Temple   | Became a worshipper of Cheibriados the Contemplative
  6953 | D:5      | Learned a level 3 spell: Vampiric Draining
  7092 | D:5      | Killed Blork the orc
  7216 | D:6      | Reached skill level 7 in Poison Magic
  7239 | D:6      | Reached skill level 1 in Invocations
  7334 | D:6      | Reached * piety under Cheibriados
  7360 | D:6      | Lost mutation: Your muscles are very strong. (Str +8,
                  | Int/Dex -2) [potion of mutation]
  7360 | D:6      | Lost mutation: Your muscles are strong. (Str +4, Int/Dex
                  | -1) [potion of mutation]
  7360 | D:6      | Gained mutation: Your magical capacity is low. (-10% MP)
                  | [potion of mutation]
  7360 | D:6      | Gained mutation: You occasionally lose the ability to read
                  | scrolls when taking damage. [potion of mutation]
  7360 | D:6      | Gained mutation: You are somewhat resistant to further
                  | mutation. [potion of mutation]
  7501 | D:6      | Found a basalt altar of Yredelemnul.
  7611 | D:6      | Learned a level 3 spell: Mephitic Cloud
  7639 | D:6      | Reached XP level 9. HP: 67/68 MP: 7/13
  8121 | D:7      | Found a runed translucent door.
  8121 | D:7      | Noticed vvl's ghost (novice DsVM)
  8723 | D:7      | Reached skill level 1 in Evocations
  9716 | D:8      | Noticed a polar bear
  9720 | D:8      | Reached skill level 5 in Fire Magic
  9725 | D:8      | Killed a polar bear
  9726 | D:8      | Reached skill level 5 in Transmutations
  9726 | D:8      | Reached skill level 8 in Poison Magic
  9943 | D:8      | Reached ** piety under Cheibriados
 10818 | D:6      | Slain by a wight

Illustrated notes

Levels and vault maps discovered:
D:1:      nzn_arrival_settlement, layout_basic
D:2:      layout_rooms, basic_altar
D:3:      layout_basic, gammafunk_ghost_cemetery, nicolae_underground_beach
D:4:      layout_basic, gammafunk_ghost_nasty_kobolds, minmay_misc_feat_room
D:5:      layout_cave_pods, minmay_temple_entry_proselytizer,
          uniq_blork_the_orc, uniq_sigmund, uniq_menkaure
D:6:      nicolae_cairo_tiling_large_dashed, layout_basic,
          mainiacjoe_overflow_surrounded_room, grunt_decor_cap
D:7:      layout_layer_cave, hellmonk_ghost_happy_afterlife
D:8:      layout_cave_pools, nicolae_overflow_crystal_walls,
          grunt_gozag_statues, grunt_lair_entry_orc_guard_hut, serial_ice,
          serial_ice_k, serial_ice_b, serial_ice_n, serial_ice_o,
          eino_tiny_chamber, uniq_amaemon
Temple:   nicolae_temple_ecumenical_triangle

Skill      XL: |  1  2  3  4  5  6  7  8  9 |
---------------+----------------------------+-----
Stealth        | 2 3 4 5 |  5.0
Transmutations | 1 2 3 4 5 |  5.0
Fire Magic     | 1 2 3 4 5 |  5.0
Dodging        | 2 3 4 |  4.7
Spellcasting   | 2 3 4 |  4.9
Poison Magic   | 5 6 7 8 |  8.1
Invocations    | 1 3 |  3.4
Evocations     | 2 |  2.3
Necromancy     | |  3.0

Action                   |  1- 3 |  4- 6 |  7- 9 || total
-------------------------+-------+-------+-------++-------
Melee: Club              |    10 |       |       ||    10
       Dagger            |     3 |    38 |    76 ||   117
       Flail             |       |       |    27 ||    27
 Cast: Sting             |    35 |    78 |   107 ||   220
       Ignite Poison     |       |     2 |    25 ||    27
Invok: Bend Time         |       |       |     1 ||     1
 Abil: Spit Poison       |    28 |    30 |    28 ||    86
  Use: Potion            |     1 |     2 |     7 ||    10
       Scroll            |       |       |    12 ||    12
Armor: Robe              |     5 |    21 |    14 ||    40
       Steam dragon scal |       |       |    25 ||    25
       Skin              |       |       |    21 ||    21
Dodge: Dodged            |    40 |    58 |   125 ||   223
